 Dungeon Crawl Stone Soup version 0.20-a0-876-g2c7b0bf (webtiles) character file.

676 Kashmaster1 the Ducker (level 7, 0/52 HPs)
             Began as a Merfolk Gladiator on Mar 15, 2017.
             Succumbed to a worker ant's poison
             ... on level 4 of the Dungeon.
             The game lasted 00:25:43 (3736 turns).

Kashmaster1 the Ducker (Merfolk Gladiator)          Turns: 3736, Time: 00:25:43

Health: 0/52       AC: 15    Str: 14    XL:     7   Next: 59%
Magic:  7/7        EV: 14    Int: 10    God:
Gold:   114        SH:  0    Dex: 15    Spells: 6/6 levels left

rFire    . . .     SeeInvis .   s - +0 flail
rCold    . . .     Gourm    .   n - +3 ring mail
rNeg     + . .     Faith    .   (no shield)
rPois    .         Spirit   .   c - +0 helmet
rElec    .         Reflect  .   (no cloak)
rCorr    .         Harm     .   p - +2 pair of gloves
MR       .....                  j - +2 pair of boots
Stlth    +.........             (no amulet)
Regen    0.2/turn               (no ring)
MPRegen  0.1/turn               m - ring of positive energy

@: lethally poisoned (0 -> -2)
A: change form in water, swift swim, stealthy swim
a: no special abilities


You were on level 4 of the Dungeon.
You were not hungry.

You visited 2 branches of the dungeon, and saw 5 of its levels.

You collected 114 gold pieces.

Inventory:

Hand Weapons
 e - a +0 halberd
 s - a +0 flail (weapon)
Missiles
 d - 2 throwing nets
 k - 6 tomahawks (quivered)
Armour
 b - a +0 leather armour
 c - a +0 helmet (worn)
 j - a +2 pair of boots (worn)
 n - a +3 ring mail (worn)
 p - a +2 pair of gloves (worn)
 r - a +0 chain mail
Jewellery
 m - a ring of positive energy (left hand)
Wands
 o - a wand of polymorph (0/24)
Scrolls
 a - a scroll of remove curse
 g - 3 scrolls of identify
 i - a scroll of enchant weapon
Comestibles
 f - 3 bread rations
 h - 3 royal jellies
 l - 2 fruits


   Skills:
 + Level 3.5 Fighting
   Level 5.8 Long Blades
 + Level 1.1 Maces & Flails
 + Level 4.3 Polearms
 + Level 2.2 Throwing
 + Level 1.9 Armour
 + Level 6.2 Dodging
 + Level 0.8 Stealth


You had 6 spell levels left.
You didn't know any spells.

Dungeon Overview and Level Annotations

Branches:
Dungeon (4/15)             Temple (1/1) D:4

Altars:
Elyvilon
Fedhas
Gozag
Hepliaklqana
Kikubaaqudgha
Okawaru
Qazlal
Sif Muna
Trog
Wu Jian
Xom
Yredelemnul
The Shining One

Shops:
D:4 %


Message History

The worker ant poisons you! The gnoll misses you. The gnoll barely misses you.
The worker ant closely misses you.
You sock the worker ant!
The worker ant is severely wounded.
You feel sick. The gnoll barely misses you. The worker ant barely misses you.
The gnoll hits you but does no damage. The worker ant bites you!
* * * LOW HITPOINT WARNING * * *
The gnoll closely misses you.
You hit the worker ant.
The worker ant is almost dead.
* * * LOW HITPOINT WARNING * * *
You feel sick. The gnoll hits you but does no damage.
The worker ant misses you. The gnoll hits you but does no damage.
The gnoll closely misses you.
* * * LOW HITPOINT WARNING * * *
You feel sick.
You sock the worker ant!
You kill the worker ant!
The gnoll hits you but does no damage.
You die...

#################################
#................P...............
#....P.............P.....(.......
#....≈≈≈≈≈≈≈≈≈≈≈≈≈≈≈≈≈≈≈≈≈≈≈≈≈≈≈≈
#....≈≈≈≈≈≈≈≈≈≈≈≈≈≈≈≈≈≈≈≈≈≈≈≈≈≈≈≈
#....≈≈#####≈≈÷÷≈g≈≈≈≈≈≈≈≈≈≈≈≈≈≈≈
#....≈≈#.gg#....@gg.gg.........†.
#...P≈≈#...######################
#....≈≈###'#,,,,',,,,*,,,**,,,*
#....≈≈≈.#.#,,,,********,,,,*****
#.P..≈≈≈.#.#,,,,,,,,,,,*,,,,*,,,g
#....≈≈≈.#g#*''*,,,,,,,,,≈≈,,,,,.
#....≈≈≈.#,g,,,*,,,,,,,,,≈≈,,,,,.
#....≈≈≈.#,,,,,*,,,,,,,*,,,,*,,,.
#....≈≈≈.#,*****'*********'*****#


You could see 5 gnolls.

Vanquished Creatures
  An ogre (D:4)
  A howler monkey (D:4)
  3 orc wizards (D:4)
  An orc priest (D:4)
  A bullfrog skeleton (D:4)
  A hound (D:4)
  3 worker ants (D:4)
  Natasha (thrice) (D:2)
  8 gnolls (D:4)
  3 adders (D:3)
  An ooze (D:4)
  An adder zombie (D:1)
  A worm (D:2)
  3 dart slugs
  4 leopard geckos
  14 orcs
  5 giant cockroaches
  7 goblins
  8 hobgoblins
  16 jackals
  A quokka (D:4)
  2 ball pythons
  10 bats
  7 frilled lizards
  A giant cockroach zombie (D:1)
  5 kobolds
  7 rats
  A plant (D:4)
119 creatures vanquished.

Notes
Turn   | Place    | Note
-------+----------+-------------------------------------------
     0 | D:1      | Kashmaster1 the Merfolk Gladiator began the quest for the Orb.
     0 | D:1      | Reached XP level 1. HP: 16/16 MP: 1/1
   127 | D:1      | Reached XP level 2. HP: 18/22 MP: 2/2
   590 | D:1      | Reached XP level 3. HP: 25/28 MP: 3/3
   758 | D:2      | Noticed Natasha
   765 | D:2      | Killed Natasha
  1024 | D:2      | Noticed Natasha
  1038 | D:2      | Killed Natasha
  1038 | D:2      | Reached XP level 4. HP: 23/34 MP: 4/4
  1330 | D:2      | Noticed Natasha
  1341 | D:2      | Killed Natasha
  1605 | D:3      | Reached XP level 5. HP: 39/39 MP: 5/5
  1794 | D:3      | Reached skill level 5 in Long Blades
  1847 | D:3      | Reached skill level 5 in Dodging
  2135 | D:3      | Found a hazy altar of Hepliaklqana.
  2368 | D:4      | Reached skill level 1 in Armour
  2373 | D:4      | Reached XP level 6. HP: 39/46 MP: 6/6
  2487 | D:4      | Found Fipeofo's Food Shoppe.
  2605 | D:4      | Reached skill level 1 in Polearms
  2712 | D:4      | Reached XP level 7. HP: 5/52 MP: 7/7
  3157 | D:4      | Reached skill level 6 in Dodging
  3310 | D:4      | Found a staircase to the Ecumenical Temple.
  3321 | Temple   | Entered the Ecumenical Temple
  3687 | D:4      | Reached skill level 1 in Maces & Flails
  3731 | D:4      | HP: 2/52 [worker ant (7)]
  3736 | D:4      | Succumbed to a worker ant's poison

Vault maps used:
D:1:      saegor_arrival_fortress
D:2:      first_bread, kennysheep_another_room, uniq_natasha
D:3:      lemuel_doored_altar
D:4:      lemuel_castle_with_subvaults, zin_angel,
          minmay_temple_entry_glassed_door, serial_shops, shop,
          uniq_blork_the_orc
Temple:   minmay_temple_bridge_abc

Skill      XL: |  1  2  3  4  5  6  7 |
---------------+----------------------+-----
Long Blades    | 4 5 |  5.8
Dodging        | 5 6 |  6.2
Armour         | 1 |  1.9
Fighting       | 3 |  3.5
Polearms       | 2 4 |  4.3
Maces & Flails | 1 |  1.1
Throwing       | |  2.2
Stealth        | |  0.8

Action                   |  1- 3 |  4- 6 |  7- 9 || total
-------------------------+-------+-------+-------++-------
Melee: Long sword        |    77 |   162 |       ||   239
       Halberd           |       |    89 |    15 ||   104
       Flail             |       |       |    90 ||    90
       Tailslap          |       |       |     2 ||     2
Throw: Throwing net      |     4 |       |       ||     4
Evoke: Wand              |       |     2 |       ||     2
  Use: Potion            |       |     5 |     1 ||     6
       Scroll            |       |     3 |     3 ||     6
 Stab: Sleeping          |     1 |       |       ||     1
  Eat: Chunk             |       |     4 |       ||     4
       Fruit             |       |     2 |       ||     2
       Bread ration      |       |       |     1 ||     1
Armor: Leather armour    |    20 |     2 |       ||    22
       Ring mail         |       |   187 |    99 ||   286
Dodge: Dodged            |    66 |   313 |   178 ||   557
       Rpst.: Long sword |    18 |    45 |       ||    63
